 Dungeon Crawl Stone Soup version 0.32-a0-666-ge8a88695a4 (webtiles) character file.

Game seed: 4356575666004557120

2692 ASSMAN the Blocker (level 9, -2/72 HPs)
             Began as a Formicid Fighter on Mar 10, 2024.
             Was a High Priest of Jiyva.
             Slain by a hellwing (3 damage)
             ... on level 7 of the Dungeon.
             The game lasted 00:08:06 (5016 turns).

ASSMAN the Blocker (Formicid Fighter)               Turns: 5016, Time: 00:08:07

Health: -2/72      AC:  6    Str: 25    XL:     9   Next: 96%
Magic:  9/9        EV: 10    Int:  8    God:    Jiyva [*****.]
Gold:   173        SH:  6    Dex: 13    Spells: 8/8 levels left

rFire   . .          .
                       - Unarmed
rCold   + . .        c - +0 buckler
rNeg    . . .        j - +0 ring mail {rPois}
rPois   +            (helmet unavailable)
rElec   .            (no cloak)
rCorr   +            (gloves unavailable)
SInv    +            (no boots)
Will    +....        r - amulet of regeneration
Stlth   +            (no ring)
HPRegen 2.56/turn    (no ring)
MPRegen 0.83/turn

%: no passive effects
@: mighty
A: permanent stasis, dig shafts and tunnels, antennae 3, four strong arms, claws
3, talons 2, cold resistance 1, high MP 1, strong-willed 1, wild magic 1
a: Dig, Shaft Self, Renounce Religion, Oozemancy, Slimify


You were on level 7 of the Dungeon.
You worshipped Jiyva.
Jiyva was extremely pleased with you.
You visited 1 branch of the dungeon, and saw 7 of its levels.

You collected 269 gold pieces.
You spent 96 gold pieces at shops.

Inventory:

Hand Weapons
 a - a +0 war axe of protection
 f - a +2 flail of protection
 k - a +1 dagger of electrocution
 o - a +1 short sword of speed
Missiles
 u - a curare-tipped dart
Armour
 b - a +0 scale mail
 c - a +0 buckler (worn)
 j - a +0 ring mail of poison resistance (worn)
 n - a +2 robe of positive energy
Jewellery
 r - an amulet of regeneration (around neck)
Wands
 p - a wand of charming (16)
Scrolls
 e - 2 scrolls of revelation
 l - 4 scrolls of torment
 q - a scroll of amnesia
 s - 2 scrolls of identify
 t - a scroll of summoning {unknown}
 v - a scroll of vulnerability {unknown}
 x - a scroll of brand weapon
Potions
 d - a potion of might
 g - a potion of mutation
 h - a potion of curing {unknown}
 i - 2 potions of lignification {unknown}
 m - a potion of berserk rage {unknown}
 w - a potion of degeneration {unknown}


   Skills:
 - Level 7.4 Fighting
 - Level 6.3 Axes
 - Level 7.3 Armour
 - Level 8.8 Shields
 + Level 4.3 Unarmed Combat


You had 8 spell levels left.
You didn't know any spells.
Your spell library contained the following spells:

 Spells                   Type           Power      Damage    Failure   Level
 Freeze                   Ice            0%         1d3       67%         1
 Kiss of Death            Conj/Necr      0%         2d5       67%         1
 Shock                    Conj/Air       0%         1d3       67%         1
 Slow                     Hex            0%         N/A       67%         1
 Call Imp                 Summ           0%         N/A       80%         2
 Static Discharge         Conj/Air       0%         3-3/arc   80%         2
 Sublimation of Blood     Necr           0%         N/A       80%         2
 Call Canine Familiar     Summ           0%         N/A       95%         3
 Confusing Touch          Hex            0%         N/A       95%         3
 Frozen Ramparts          Ice            0%         1d1       95%         3
 Hailstorm                Conj/Ice       0%         3d5       95%         3
 Sigil of Binding         Hex            0%         N/A       95%         3
 Vampiric Draining        Necr           0%         2d6       95%         3
 Airstrike                Air            0%         2d(0-16)  100%        4
 Dimensional Bullseye     Hex/Tloc       0%         N/A       100%        4
 Dispel Undead            Necr           0%         3d6       100%        4
 Summon Lightning Spire   Summ/Air       0%         N/A       100%        4
 Summon Hydra             Summ           0%         N/A       100%        7
 Swiftness                Air            Unusable   N/A       N/A         3

Dungeon Overview and Level Annotations

Branches:
Dungeon (7/15)             Temple (0/1) D:5

Altars:
Fedhas
Sif Muna
Uskayaw
Zin
The Shining One
Jiyva

Shops:
D:3 [

Annotations:
D:2 1 runed translucent door, Crazy Yiuf


Innate Abilities, Weirdness & Mutations

You cannot be hasted, slowed, berserked, paralysed or teleported.
You can dig through walls and to a lower floor.
You have a pair of large antennae on your head. (SInv)
Your four strong arms can wield two-handed weapons with a shield.
You have claws for hands.
You have razor-sharp toenails.
Your flesh is cold resistant. (rC+)
You have an increased reservoir of magic. (+10% MP)
You are strong-willed. (Will+)
Your spells are a little harder to cast, but a little more powerful.


Message History

The wolf spider zombie bites you!
You claw the wolf spider zombie!
The wolf spider zombie is moderately damaged.
The wolf spider zombie hits you but does no damage.
The wolf spider zombie barely misses you.
You hear a distant slurping noise.
You hear a squelching noise.
You claw the wolf spider zombie!
The wolf spider zombie is heavily damaged.
The wolf spider zombie hits you!
The wolf spider zombie bites you but does no damage.
The wolf spider zombie barely misses you.
You block the wolf spider zombie's attack.
You claw the wolf spider zombie!
The wolf spider zombie is heavily damaged.
You scratch the hellwing but do no damage.
You claw the hellwing, but do no damage.
You scratch the hellwing but do no damage.
The hellwing barely misses you. x2
You barely miss the hellwing. The hellwing hits you!
You block the hellwing's attack.
You barely miss the hellwing.
You claw the hellwing, but do no damage.
The hellwing barely misses you. The hellwing hits you.
You feel very mighty all of a sudden. The hellwing hits you!
* * * LOW HITPOINT WARNING * * *
The hellwing hits you!
* * * LOW HITPOINT WARNING * * *
You closely miss the hellwing. You claw the hellwing!
The hellwing is lightly wounded.
The hellwing hits you but does no damage.
The hellwing hits you.
* * * LOW HITPOINT WARNING * * *
You claw the hellwing!
The hellwing is moderately wounded.
The hellwing hits you.
* * * LOW HITPOINT WARNING * * *
The hellwing hits you.
You die...
Jiyva sends a jelly to digest your remains.

ß...ß.P..ß.J. ..
........P.ß.,...
#..ß...ß.P.,....
..#ßß.ß.... ....
#..##.....#..#
#...........##.
###.ZZZ........
###4#...####..## ..
##@#...#......###..
##.###..J.. .......
#...##....####.....#
#....#......#......#
####..####........##..
#......##.............
#.......#............#
#..........#..##.#...#
#####......#..<..#....


You could see a hellwing, a wolf spider zombie, a redback zombie and a centaur
warrior zombie.

Vanquished Creatures
  Pikel (D:5)
  A centaur zombie (D:7)
  Edmund (D:5)
  A water moccasin (D:6)
  Duvessa (D:5)
  An ice beast (D:7)
  A black bear (D:5)
  2 ogres
  2 lemures (D:5)
  A phantom (D:4)
  A kobold brigand (D:5)
  2 bullfrogs
  3 scorpions (D:5)
  Dowan (D:5)
  A bombardier beetle (D:5)
  A gnoll bouda (D:6)
  3 hounds
  2 orc priests (D:3)
  4 iguanas
  4 orc wizards
  A sleepcap (D:5)
  8 gnolls
  3 adders
  2 shadow imps (D:7)
  3 white imps
  2 ufetubi (D:7)
  An adder skeleton (D:3)
  2 ribbon worms
  3 dart slugs
  17 orcs
  5 ball pythons
  4 endoplasms (D:1)
  A giant cockroach (D:1)
  9 goblins
  4 hobgoblins
  3 jackals (D:2)
  12 kobolds
  3 quokkas
  A ball python skeleton (D:3)
  2 ball python zombies (D:3)
  6 bats
  3 frilled lizards
  A quokka skeleton (D:3)
  A quokka zombie (D:3)
  3 rats
134 creatures vanquished.

Vanquished Creatures (others)
  A hound (D:7)
  A jelly (D:4)
  A gnoll bouda (D:4)
  A gnoll (D:4)
  An adder (D:3)
  A shadow imp (D:7)
  2 ball pythons
  3 endoplasms
  A hobgoblin (D:2)
  4 jackals (D:2)
  A kobold (D:2)
  A rat (D:2)
18 creatures vanquished.

Grand Total: 152 creatures vanquished

Notes
Turn   | Place    | Note
-------+----------+-------------------------------------------
     0 | D:1      | ASSMAN the Formicid Fighter began the quest for the Orb.
     0 | D:1      | Reached XP level 1. HP: 18/18 MP: 1/1
    82 | D:1      | Reached XP level 2. HP: 24/24 MP: 2/2
   415 | D:1      | Reached XP level 3. HP: 26/29 MP: 3/3
   462 | D:1      | Found a faded altar of an unknown god.
   494 | D:1      | Prayed at the altar of an unknown god.
   494 | D:1      | Became a worshipper of Jiyva Junu the Shapeless
   494 | D:1      | Reached * piety under Jiyva
   889 | D:2      | Reached XP level 4. HP: 32/37 MP: 4/4
   917 | D:2      | Reached ** piety under Jiyva
  1562 | D:2      | Reached *** piety under Jiyva
  1650 | D:2      | Found a runed translucent door.
  1651 | D:2      | Noticed Crazy Yiuf
  1761 | D:2      | Gained mutation: Your flesh is heat resistant. (rF+)
                  | [potion of mutation]
  1761 | D:2      | Gained mutation: Your system is resistant to poisons.
                  | (rPois) [potion of mutation]
  1762 | D:2      | Lost mutation: Your system is resistant to poisons. (rPois)
                  | [potion of mutation]
  1762 | D:2      | Lost mutation: Your flesh is heat resistant. (rF+) [potion
                  | of mutation]
  1762 | D:2      | Gained mutation: You are strong-willed. (Will+) [potion of
                  | mutation]
  1762 | D:2      | Gained mutation: Your flesh is cold resistant. (rC+)
                  | [potion of mutation]
  1762 | D:2      | Gained mutation: Your spells are a little harder to cast,
                  | but a little more powerful. [potion of mutation]
  1859 | D:3      | Reached skill level 5 in Shields
  1859 | D:3      | Reached XP level 5. HP: 41/42 MP: 5/5
  2017 | D:3      | Reached XP level 6. HP: 14/49 MP: 6/6
  2140 | D:3      | Found Hanibuich's Armour Shoppe.
  2148 | D:3      | Bought a +0 ring mail of poison resistance for 96 gold
                  | pieces
  2196 | D:3      | Found a blossoming altar of Fedhas.
  2631 | D:4      | Reached **** piety under Jiyva
  2713 | D:4      | Reached XP level 7. HP: 55/55 MP: 7/7
  2715 | D:4      | Gained mutation: You have sharp toenails. [Jiyva's grace]
  2715 | D:4      | Gained mutation: You have razor-sharp toenails. [Jiyva's
                  | grace]
  2715 | D:4      | Gained mutation: You have claws for feet. [Jiyva's grace]
  2715 | D:4      | Gained mutation: You are highly strong-willed. (Will++)
                  | [Jiyva's grace]
  2848 | D:4      | Reached skill level 5 in Fighting
  2848 | D:4      | Reached skill level 5 in Armour
  2848 | D:4      | Reached skill level 6 in Shields
  3129 | D:5      | Entered Level 5 of the Dungeon
  3155 | D:5      | Noticed Duvessa
  3157 | D:5      | Noticed Dowan
  3165 | D:5      | Killed Duvessa
  3176 | D:5      | Killed Dowan
  3221 | D:5      | Reached XP level 8. HP: 51/64 MP: 8/8
  3237 | D:5      | Noticed Pikel
  3260 | D:5      | Killed Pikel
  3261 | D:5      | Reached skill level 5 in Axes
  3261 | D:5      | Reached skill level 7 in Shields
  3302 | D:5      | Found a glowing golden altar of the Shining One.
  3329 | D:5      | Found a hide-covered altar of Uskayaw.
  3375 | D:5      | Reached ***** piety under Jiyva
  3393 | D:5      | Noticed Edmund
  3412 | D:5      | Killed Edmund
  3413 | D:5      | Reached XP level 9. HP: 59/71 MP: 9/9
  3482 | D:5      | Reached skill level 8 in Shields
  3533 | D:5      | Found a glowing silver altar of Zin.
  3557 | D:5      | Found a shimmering blue altar of Sif Muna.
  3685 | D:5      | Found a staircase to the Ecumenical Temple.
  4954 | D:7      | Lost mutation: You have claws for feet. [Jiyva's grace]
  4954 | D:7      | Lost mutation: You are highly strong-willed. (Will++)
                  | [Jiyva's grace]
  4954 | D:7      | Gained mutation: You have sharp fingernails. [Jiyva's
                  | grace]
  4954 | D:7      | Gained mutation: You have very sharp fingernails. [Jiyva's
                  | grace]
  4954 | D:7      | Gained mutation: You have claws for hands. [Jiyva's grace]
  4954 | D:7      | Gained mutation: You have an increased reservoir of magic.
                  | (+10% MP) [Jiyva's grace]
  4963 | D:7      | Reached skill level 1 in Unarmed Combat
  5001 | D:7      | Noticed a hellwing
  5016 | D:7      | HP: 1/72 [hellwing (6)]
  5016 | D:7      | Slain by a hellwing

Illustrated notes

Levels and vault maps discovered:
D:1:      psy_arrival_radial01, layout_loops_ring,
          ebering_ecumenical_altar_sacrificial, dk_noncrumbling_4
D:2:      layout_loops_corners, uniq_crazy_yiuf_cottage
D:3:      layout_loops_ring, overflow_temple_1_default, serial_shops,
          nicolae_shop_peninsula, serial_undead, serial_undead_a,
          serial_undead_b, serial_undead_a, serial_undead_c, serial_undead_a,
          minivault_14
D:4:      layout_loops_ring
D:5:      layout_rooms, general_overflow_altar, mainiacjoe_overflow_big_doors,
          tso_altar, temple_doors_ab, uniq_duvessa, uniq_pikel, uniq_edmund
D:6:      layout_basic
D:7:      cheibrodos_grave_circle, layout_cave_pools, kiku_gazebo_pond_becter

Skill      XL: |  1  2  3  4  5  6  7  8  9 |
---------------+----------------------------+-----
Fighting       | 4 5 6 7 |  7.4
Armour         | 4 5 6 7 |  7.3
Axes           | 3 4 5 6 |  6.3
Shields        | 5 6 7 8 |  8.8
Unarmed Combat | 4 |  4.3

Action                     |  1- 3 |  4- 6 |  7- 9 || total
---------------------------+-------+-------+-------++-------
  Melee: War axe           |   116 |   118 |   197 ||   431
         Kick              |       |       |    79 ||    79
         Unarmed           |       |       |    39 ||    39
Ability: Dig               |     1 |       |       ||     1
    Use: Scroll            |       |     8 |       ||     8
         Potion            |       |     2 |     2 ||     4
 Armour: Scale mail        |    81 |    86 |       ||   167
         Ring mail         |       |    11 |   187 ||   198
  Dodge: Dodged            |    68 |    60 |   110 ||   238
  Block: Buckler           |    30 |    29 |    78 ||   137

Table legend: (Time is in decaauts)
 A = Elapsed time spent in this place.
 B = Non-inter-level travel time spent in this place.
 C = Inter-level travel time spent in this place.
 D = Time resting spent in this place.
 E = Time spent auto-exploring this place.
 F = Levels seen in this place.
 G = Mean time per level.
                   A        B        C        D        E       F      G
               +--------+--------+--------+--------+--------+-----+--------+
         Total |   5161 |   4944 |    217 |     11 |   3899 |   7 |  737.3 |
       Dungeon |   5161 |   4944 |    217 |     11 |   3899 |   7 |  737.3 |
               +--------+--------+--------+--------+--------+-----+--------+

Top non-repeatable levels by time:
     D:6: 1199 daAuts
     D:2: 973 daAuts
     D:1: 891 daAuts
     D:3: 695 daAuts
     D:4: 671 daAuts
     D:5: 614 daAuts
     D:7: 116 daAuts
